 Dungeon Crawl Stone Soup version 0.28-a0-1524-ge72afd5fc6 (webtiles) character file.

Game seed: 6740213293822788185

350 bastard the Jinx (level 6, 0/28 HPs)
             Began as a Spriggan Enchanter on Jan 18, 2022.
             Slain by a wight (17 damage)
             ... on level 4 of the Dungeon.
             The game lasted 00:05:40 (3785 turns).

bastard the Jinx (Spriggan Enchanter)               Turns: 3785, Time: 00:05:40

Health: 0/28       AC:  2    Str:  4    XL:     6   Next: 34%
Magic:  8/11       EV: 17    Int: 17    God:
Gold:   124        SH:  0    Dex: 17    Spells: 5/10 levels left

rFire   . . .      SeeInvis +   a - +2 dagger (flame)
rCold   . . .      Faith    .   (no shield)
rNeg    . . .      Spirit   .   b - +0 robe
rPois   .          Reflect  .   (helmet restricted)
rElec   .          Harm     .   (no cloak)
rCorr   .          Rampage  .   (gloves unavailable)
Will    +....                   (boots unavailable)
Stlth   +++.......              (no amulet)
HPRegen 0.09/turn               (no ring)
MPRegen 0.12/turn               (no ring)

@: very quick
A: very small, no large weapons, unfitting armour, see invisible, speed 3
a: no special abilities


You were on level 4 of the Dungeon.
You visited 1 branch of the dungeon, and saw 4 of its levels.

You collected 124 gold pieces.

Inventory:

Hand Weapons
 a - a +2 dagger of flaming (weapon)
Armour
 b - a +0 robe (worn)
Jewellery
 h - a ring of willpower
Scrolls
 f - 2 scrolls of identify
 i - a scroll of immolation {unknown}
Potions
 c - a potion of invisibility
 d - a potion of might
 e - 3 potions of heal wounds {unknown}
 g - a potion of mutation {unknown}
 k - a potion of resistance {unknown}


   Skills:
 - Level 1.1 Short Blades
 - Level 2.6 Dodging
 - Level 4.4 Stealth
 - Level 2.6 Spellcasting
 + Level 8.7 Hexes


You had 5 spell levels left.
You knew the following spells:

 Your Spells              Type           Power      Damage    Failure   Level
a - Ensorcelled Hibernat  Hex/Ice        34%        N/A       4%          2
b - Confusing Touch       Hex            31%        N/A       1%          3

Your spell library contained the following spells:

 Spells                   Type           Power      Damage    Failure   Level
 Tukima's Dance           Hex            31%        N/A       1%          3
 Dazzling Flash           Conj/Hex       34%        N/A       9%          3
 Ignite Poison            Fire/Tmut/Pois 2%         N/A       47%         3
 Mephitic Cloud           Conj/Pois/Air  2%         N/A       47%         3
 Freezing Cloud           Conj/Ice/Air   1%         6-21      99%         5


Dungeon Overview and Level Annotations

Branches:
Dungeon (4/15)
 Temple: D:4-7

Altars:


Innate Abilities, Weirdness & Mutations

You are very small and have problems with some larger weapons.
You are too small for most types of armour.
You have supernaturally acute eyesight. (SInv)
You cover ground extremely quickly. (Speed+++)


Message History

a +0 robe; a +0 flail You hit the wight but do no damage.
The wight appears confused.
The wight misses you.
You hit the wight but do no damage. You hit the wight but do no damage.
The wight hits you with a +4 trident!
You hit the wight. You burn the wight.
The wight is moderately damaged.
The wight closely misses you.
You hit the wight. You burn the wight.
The wight is heavily damaged.
The wight barely misses you.
You hit the wight but do no damage.
The wight is heavily damaged.
The wight completely misses you.
You barely miss the wight.
The wight is heavily damaged.
The wight closely misses you.
You hit the wight but do no damage.
The wight is heavily damaged.
You hit the wight but do no damage.
The wight is heavily damaged.
The wight completely misses you.
You hit the wight but do no damage.
The wight is heavily damaged.
The wight misses you.
You hit the wight but do no damage.
The wight is heavily damaged.
The wight barely misses you.
You hit the wight. You burn the wight.
The wight is heavily damaged.
You barely miss the wight.
The wight is heavily damaged.
You hit the wight but do no damage.
The wight is heavily damaged.
The wight completely misses you.
You hit the wight. You burn the wight.
The wight is severely damaged.
The wight seems less confused.
The wight hits you with a +4 trident!
Ouch! That really hurt!
You die...

.....####................
....####..#.......z......
......#...#.....#........
...........)....#....#...
..........###...####.#...
..........# #[..####.#...
...##.....###....##......
. ###....[......##....#
##@z##<...#.....###
#....(.....รท...#
##......##..####
#.......##.##
###....##### ######


You could see a wight.

Vanquished Creatures
  4 wights
  A hound (D:4)
  Terence (D:2)
  A hound skeleton (D:4)
  4 gnolls (D:2)
  3 adders
  A worm (D:2)
  2 dart slugs
  3 bats
  3 endoplasms
  2 giant cockroaches
  2 goblins
  7 hobgoblins
  6 quokkas
  4 ball pythons
  2 frilled lizards (D:1)
  4 kobolds
  3 rats
53 creatures vanquished.

Notes
Turn   | Place    | Note
-------+----------+-------------------------------------------
     0 | D:1      | bastard the Spriggan Enchanter began the quest for the Orb.
     0 | D:1      | Reached XP level 1. HP: 9/9 MP: 5/5
   308 | D:1      | Reached skill level 4 in Hexes
   481 | D:1      | Reached XP level 2. HP: 8/13 MP: 6/6
   524 | D:1      | Learned a level 2 spell: Ensorcelled Hibernation
  1073 | D:2      | Reached skill level 5 in Hexes
  1073 | D:2      | Reached XP level 3. HP: 5/16 MP: 0/8
  1193 | D:2      | Noticed Terence
  1199 | D:2      | Killed Terence
  1315 | D:2      | Reached skill level 6 in Hexes
  1315 | D:2      | Reached XP level 4. HP: 12/21 MP: 6/9
  2045 | D:3      | Found a faded altar of an unknown god.
  2275 | D:3      | Reached XP level 5. HP: 16/24 MP: 10/10
  2527 | D:3      | Reached skill level 7 in Hexes
  2991 | D:3      | Learned a level 3 spell: Confusing Touch
  3554 | D:4      | Reached skill level 8 in Hexes
  3554 | D:4      | Reached XP level 6. HP: 15/26 MP: 7/11
  3785 | D:4      | Slain by a wight

Illustrated notes

Levels and vault maps discovered:
D:1:      lightli_arrival_flooded_house, layout_rooms
D:2:      layout_rooms, due_unseen_surprise, uniq_terence
D:3:      layout_loops_ring, nicolae_ecumenical_pavilion, nrook_mini_vaults
D:4:      layout_cave_pools, minivault_5, uniq_crazy_yiuf_cottage, uniq_edmund

Skill      XL: |  1  2  3  4  5 |
---------------+----------------+-----
Hexes          | 4 5 6 8 |  8.7
Short Blades   | |  1.1
Dodging        | |  2.6
Stealth        | |  4.4
Spellcasting   | |  2.6

Action                   |  1- 3 |  4- 6 || total
-------------------------+-------+-------++-------
Melee: Dagger            |    95 |    94 ||   189
       Punch             |     4 |     2 ||     6
 Cast: Ensorcelled Hiber |     4 |    15 ||    19
       Confusing Touch   |       |     6 ||     6
  Use: Scroll            |     4 |     4 ||     8
       Potion            |     3 |       ||     3
 Stab: Sleeping          |     8 |    13 ||    21
       Confused          |       |     5 ||     5
Armor: Robe              |    15 |     8 ||    23
Dodge: Dodged            |    74 |    57 ||   131

Table legend: (Time is in decaauts)
 A = Elapsed time spent in this place.
 B = Non-inter-level travel time spent in this place.
 C = Inter-level travel time spent in this place.
 D = Time resting spent in this place.
 E = Time spent auto-exploring this place.
 F = Levels seen in this place.
 G = Mean time per level.
                   A        B        C        D        E       F      G
               +--------+--------+--------+--------+--------+-----+--------+
         Total |   3138 |   3084 |     54 |      0 |   2521 |   4 |  784.5 |
       Dungeon |   3138 |   3084 |     54 |      0 |   2521 |   4 |  784.5 |
               +--------+--------+--------+--------+--------+-----+--------+

Top non-repeatable levels by time:
     D:1: 1148 daAuts
     D:3: 1075 daAuts
     D:2: 548 daAuts
     D:4: 365 daAuts
